[Event "December 19 Early 2023"]
[Site "https://www.chess.com"]
[Date "2023.12.19"]
[Round "8"]
[White "Zeneli, Klendi"]
[Black "Sipila, Vilka"]
[Result "0-1"]
[Board "85"]
[TimeControl "180+1"]
[WhiteFideId "4706609"]
[BlackFideId "505455"]
[WhiteElo "1974"]
[BlackElo "2343"]
[WhiteTeam "ALB"]
[BlackTeam "FIN"]
[WhiteClock "0:00:00"]
[BlackClock "0:01:09"]

1. e4 d5 2. exd5 Qxd5 3. Nc3 Qe5+ 4. Be2 Bg4 5. d4 Bxe2 6. Ngxe2 Qa5 7. O-O Nf6 8. Bf4 Nc6 9. a3 O-O-O 10. b4 Qf5 11. Bg3 e5 12. d5 Ne7 13. Qc1 Nexd5 14. Rd1 Be7 15. Nxd5 Nxd5 16. Qb2 Bf6 17. Qb3 e4 18. Nd4 Bxd4 19. Rxd4 Nf4 20. Rxd8+ Rxd8 21. Qe3 g5 22. Qxa7 Qd5 23. h3 e3 24. Bxf4 e2 25. Re1 Qd1 26. Qa8+ Kd7 27. Qa4+ Ke6 28. Qb3+ Kf6 29. Qc3+ Kg6 30. Bg3 f5 31. f3 c6 32. Qe3 f4 33. Qe6+ Kh5 34. Qf7+ Kh6 35. Qf6+ Kh5 36. Bf2 Rd2 37. Qf7+ Kh6 38. Qf8+ Kg6 39. Qe8+ Kh6 40. Qe6+ Kh5 41. Qg4+ Kg6 42. h4 h6 43. h5+ Kf6 44. Qc8 Qxc2 45. Qf8+ Ke5 46. Qe7+ Kd5 47. Qe6+ Kxe6 0-1

[Event "December 19 Early 2023"]
[Site "https://www.chess.com"]
[Date "2023.12.19"]
[Round "8"]
[White "Al-Tarboush, Ward"]
[Black "Kovalyov, Eduard"]
[Result "1-0"]
[Board "86"]
[TimeControl "180+1"]
[WhiteFideId "7601450"]
[BlackFideId "14118033"]
[WhiteElo "2278"]
[BlackElo "2300"]
[WhiteTeam "NOR"]
[BlackTeam "UKR"]
[WhiteClock "0:01:26"]
[BlackClock "0:00:00"]

1. e4 e5 2. Nf3 Nf6 3. d4 Nxe4 4. Bd3 d5 5. Nxe5 Bd6 6. O-O O-O 7. Nc3 Nxc3 8. bxc3 Nd7 9. Nxd7 Bxd7 10. Qh5 f5 11. Bg5 Qe8 12. Qh4 Qf7 13. Bf4 Qf6 14. Qxf6 Rxf6 15. Bxd6 Rxd6 16. Rfe1 Kf7 17. Re5 g6 18. Rb1 b6 19. c4 dxc4 20. Bxc4+ Kf6 21. c3 Bc6 22. Rbe1 Rad8 23. Re7 R8d7 24. R1e6+ Kg5 25. g3 Kh6 26. f4 a5 27. a3 Rxe6 28. Rxe6 Bd5 29. Bxd5 Rxd5 30. Rc6 Rd7 31. Kf2 Kg7 32. Ke2 Kf7 33. Kd3 Ke7 34. Kc4 Kd8 35. Re6 Rf7 36. a4 Kd7 37. Kd5 Rg7 38. c4 Rg8 39. c5 bxc5 40. dxc5 Rb8 41. c6+ Kd8 42. Ke5 Rb4 43. Kf6 Rxa4 44. Kg7 Re4 45. Rf6 Re7+ 46. Kh6 a4 47. Rf8+ Re8 48. Rf7 a3 49. Rd7+ Kc8 50. Rd3 a2 51. Ra3 Kb8 52. Rxa2 Re6 53. Ra6 Re7 54. Ra2 Re6 55. Rc2 Re7 56. h4 Ka7 57. Rb2 Ka6 58. Rb8 Rf7 59. Rd8 Kb6 60. Rd7 Rf6 61. Rxh7 Kxc6 62. Rg7 Kb6 63. Rxg6 Rxg6+ 64. Kxg6 c5 65. h5 c4 66. h6 c3 67. h7 c2 68. h8=Q c1=Q 69. Qf6+ Kb7 70. Qf7+ Kb8 71. Qxf5 Qg1 72. g4 Qg2 73. Qe5+ Ka7 74. g5 Qg1 75. Kf7 Qb1 76. g6 Qa2+ 77. Qe6 Qa4 78. Qe7+ Ka6 79. f5 Qd1 80. g7 1-0

[Event "December 19 Early 2023"]
[Site "https://www.chess.com"]
[Date "2023.12.19"]
[Round "8"]
[White "Shubenkova, Veronika"]
[Black "Gutierrez Olivares, Daniel"]
[Result "0-1"]
[Board "87"]
[TimeControl "180+1"]
[WhiteFideId "44124040"]
[BlackFideId "2264005"]
[WhiteElo "1967"]
[BlackElo "2317"]
[WhiteTeam "RUS"]
[BlackTeam "ESP"]
[WhiteClock "0:00:36"]
[BlackClock "0:00:15"]

1. d4 Nf6 2. e3 e6 3. f4 b6 4. Nf3 Bb7 5. c3 c5 6. Bd3 d6 7. O-O g6 8. Nbd2 Bg7 9. Qe2 cxd4 10. exd4 O-O 11. Ng5 Nc6 12. Nde4 Ne7 13. Bd2 a6 14. Rae1 b5 15. Rf3 Nxe4 16. Bxe4 Bxe4 17. Qxe4 h6 18. Nh3 a5 19. a3 Nd5 20. Nf2 Qc7 21. h4 b4 22. axb4 axb4 23. h5 bxc3 24. Bxc3 Nf6 25. Qd3 Nxh5 26. g4 Nf6 27. g5 Nd5 28. gxh6 Bxh6 29. Bd2 Rfb8 30. Rh3 Bg7 31. b3 Qb6 32. Kg2 Qxd4 33. Qxd4 Bxd4 34. Ne4 Ra2 35. Re2 Nxf4+ 36. Bxf4 Rxe2+ 37. Kf3 Rxb3+ 38. Kxe2 Rxh3 39. Nxd6 f5 40. Nb5 e5 41. Bg5 Rg3 42. Bh4 Rg2+ 43. Kf3 Rb2 44. Nc7 Rb3+ 45. Ke2 Kf7 46. Nd5 Ke6 47. Ne7 Kf7 48. Nc8 Rh3 49. Bg5 f4 50. Nd6+ Ke6 51. Nb5 Kf5 52. Bd8 Bc5 53. Bc7 g5 54. Ba5 g4 55. Nc3 Rh2+ 56. Kf1 g3 57. Ne2 Rf2+ 58. Ke1 g2 59. Bd2 Rxe2+ 60. Kxe2 g1=Q 61. Kd3 Qd4+ 62. Kc2 Qc4+ 63. Kd1 e4 64. Ke1 e3 65. Bxe3 fxe3 66. Kd1 Qd3+ 67. Kc1 Qd2+ 68. Kb1 e2 69. Ka1 Ke4 70. Kb1 Kd3 71. Ka1 Kc3 72. Kb1 Bd4 73. Ka1 Kc4+ 74. Kb1 Kc3 75. Ka1 e1=Q# 0-1

[Event "December 19 Early 2023"]
[Site "https://www.chess.com"]
[Date "2023.12.19"]
[Round "8"]
[White "Sadykov, Ramil"]
[Black "Shohat, Yotam"]
[Result "1-0"]
[Board "88"]
[TimeControl "180+1"]
[WhiteFideId "24113590"]
[BlackFideId "2813955"]
[WhiteElo "2245"]
[BlackElo "2226"]
[WhiteTeam "FID"]
[BlackTeam "ISR"]
[WhiteClock "0:00:08"]
[BlackClock "0:00:00"]

1. e4 c5 2. Nf3 d6 3. d4 cxd4 4. Nxd4 Nf6 5. f3 e5 6. Bb5+ Nbd7 7. Nb3 a6 8. Bxd7+ Qxd7 9. Nc3 h6 10. Be3 b5 11. Qd2 b4 12. Nd5 Nxd5 13. exd5 a5 14. O-O Ba6 15. Rfc1 Bc4 16. a3 bxa3 17. Rxa3 a4 18. Na5 Qb5 19. Nxc4 Qxc4 20. b3 Qc7 21. Rca1 Be7 22. Rxa4 Rxa4 23. Rxa4 O-O 24. Ra7 Qd8 25. c4 Bg5 26. Bxg5 hxg5 27. Rb7 Qa8 28. Rd7 Qa1+ 29. Kf2 Ra8 30. Qxg5 Qb2+ 31. Kg3 Qxb3 32. Rd8+ Rxd8 33. Qxd8+ Kh7 34. Qxd6 Qc3 35. Qe7 Qe1+ 36. Kh3 Kg6 37. d6 Qe3 38. d7 Qh6+ 39. Qh4 1-0

[Event "December 19 Early 2023"]
[Site "https://www.chess.com"]
[Date "2023.12.19"]
[Round "8"]
[White "Saravana, Krishnan P."]
[Black "Mesquita, Eduardo Barbosa"]
[Result "1-0"]
[Board "89"]
[TimeControl "180+1"]
[WhiteFideId "5018382"]
[BlackFideId "22757163"]
[WhiteElo "2167"]
[BlackElo "1953"]
[WhiteTeam "IND"]
[BlackTeam "BRA"]
[WhiteClock "0:02:17"]
[BlackClock "0:01:09"]

1. e4 c6 2. Nf3 Nf6 3. e5 Nd5 4. Bc4 Nb6 5. Bb3 d5 6. exd6 exd6 7. d4 Be7 8. c3 O-O 9. Bf4 Nd5 10. Bg3 Bg4 11. h3 Bh5 12. O-O Nd7 13. Bxd5 cxd5 14. Nbd2 Nf6 15. Qb3 Qd7 16. Rfe1 Rfe8 17. Bh4 Rac8 18. Bxf6 Bxf6 19. Qxd5 Bg6 20. Ne4 Be7 21. Ne5 Qf5 22. Nxd6 Bxd6 23. Qxd6 Red8 24. Qe7 Re8 25. Qxb7 Rb8 26. Nc6 Rbc8 27. Rxe8+ Rxe8 28. Ne7+ 1-0

[Event "December 19 Early 2023"]
[Site "https://www.chess.com"]
[Date "2023.12.19"]
[Round "8"]
[White "Skibbe, Willi"]
[Black "Manukian, Artak"]
[Result "0-1"]
[Board "90"]
[TimeControl "180+1"]
[WhiteFideId "4682190"]
[BlackFideId "13301373"]
[WhiteElo "2374"]
[BlackElo "2030"]
[WhiteTeam "GER"]
[BlackTeam "ARM"]
[WhiteClock "0:00:20"]
[BlackClock "0:00:25"]

1. d4 d5 2. c4 dxc4 3. Nf3 Nf6 4. e3 e6 5. Bxc4 c5 6. O-O a6 7. b3 b5 8. Be2 Bb7 9. Bb2 Nc6 10. Nbd2 Be7 11. dxc5 Bxc5 12. Rc1 Be7 13. e4 O-O 14. e5 Nd5 15. Bd3 Nf4 16. Bb1 Nd3 17. Rxc6 Bxc6 18. Qc2 Rc8 19. Qxd3 Qxd3 20. Bxd3 Rfd8 21. Be4 Bxe4 22. Nxe4 Rc2 23. Bd4 Rxa2 24. Bc5 Bxc5 25. Nxc5 a5 26. h4 a4 27. bxa4 bxa4 28. Rb1 a3 29. Ne4 h6 30. Rb3 Ra8 31. Nd4 Ra4 32. Nc3 Ra1+ 33. Kh2 Rxd4 0-1

[Event "December 19 Early 2023"]
[Site "https://www.chess.com"]
[Date "2023.12.19"]
[Round "8"]
[White "Kvaloy, Aksel Bu"]
[Black "Kostiukov, Alexandr"]
[Result "1-0"]
[Board "91"]
[TimeControl "180+1"]
[WhiteFideId "1528815"]
[BlackFideId "14108100"]
[WhiteElo "2265"]
[BlackElo "2112"]
[WhiteTeam "NOR"]
[BlackTeam "UKR"]
[WhiteClock "0:00:53"]
[BlackClock "0:00:31"]

1. d4 g6 2. e4 c5 3. Nf3 cxd4 4. Qxd4 Nf6 5. e5 Nc6 6. Qa4 Nd5 7. Qe4 Ndb4 8. Bb5 Bg7 9. Nc3 O-O 10. a3 Qa5 11. Bd2 d5 12. Nxd5 Bf5 13. Nxe7+ Kh8 14. Nxf5 gxf5 15. Qc4 a6 16. Bxc6 1-0

[Event "December 19 Early 2023"]
[Site "https://www.chess.com"]
[Date "2023.12.19"]
[Round "8"]
[White "Hajiyev, Kanan"]
[Black "Sevostianov, Vladimir"]
[Result "0-1"]
[Board "92"]
[TimeControl "180+1"]
[WhiteFideId "13404148"]
[BlackFideId "4144163"]
[WhiteElo "2102"]
[BlackElo "2150"]
[WhiteTeam "AZE"]
[BlackTeam "RUS"]
[WhiteClock "0:00:00"]
[BlackClock "0:00:53"]

1. d4 Nf6 2. Nf3 g6 3. c4 Bg7 4. Nc3 d6 5. g3 O-O 6. Bg2 Nc6 7. O-O a6 8. b3 e5 9. dxe5 Nxe5 10. Bb2 Nxf3+ 11. exf3 Bd7 12. Qd2 Bc6 13. Rad1 Qd7 14. Rfe1 Rfe8 15. f4 Bxg2 16. Kxg2 Rxe1 17. Rxe1 Re8 18. Rxe8+ Qxe8 19. Qe2 Qxe2 20. Nxe2 Nd7 21. Bxg7 Kxg7 22. Kf3 f5 23. Ke3 Kf6 24. f3 Nc5 25. Kd4 Ne6+ 26. Ke3 Ke7 27. g4 c6 28. h4 h5 29. gxf5 gxf5 30. Ng3 Ng7 31. Kd4 Ke6 32. b4 b6 33. a4 c5+ 34. bxc5 bxc5+ 35. Kc3 d5 36. cxd5+ Kxd5 37. Nf1 Ne6 38. Ne3+ Kc6 39. Nxf5 Nxf4 40. Ng3 Kd5 41. Kd2 Kc4 42. Ne4 Kb4 43. a5 c4 44. Kc2 Ng2 45. Nf6 Nxh4 46. f4 Nf5 47. Nxh5 Nd4+ 48. Kd1 c3 49. Ng3 Kb3 50. Kc1 c2 51. f5 Kc3 52. Ne4+ Kd3 53. Nc5+ Kc3 54. Ne4+ Kd3 55. Nc5+ Kc4 56. Nxa6 Kc3 0-1

[Event "December 19 Early 2023"]
[Site "https://www.chess.com"]
[Date "2023.12.19"]
[Round "8"]
[White "Koridze, Lile"]
[Black "Deac, Bogdan-Daniel"]
[Result "0-1"]
[Board "93"]
[TimeControl "180+1"]
[WhiteFideId "13612514"]
[BlackFideId "1226380"]
[WhiteElo "2061"]
[BlackElo "2641"]
[WhiteTeam "GEO"]
[BlackTeam "ROU"]
[WhiteClock "0:00:03"]
[BlackClock "0:00:02"]

1. d4 b5 2. e4 Bb7 3. Nd2 a6 4. Ngf3 e6 5. Bd3 c5 6. c3 Nf6 7. O-O cxd4 8. cxd4 Nc6 9. a3 d6 10. b3 g6 11. Bb2 Bg7 12. d5 exd5 13. exd5 Ne7 14. Ne4 Nexd5 15. Re1 O-O 16. Bc2 Rc8 17. Bd4 Re8 18. Rc1 Nxe4 19. Rxe4 Bh6 20. Ra1 Nf4 21. Rxe8+ Qxe8 22. Be3 Bxf3 23. Qxf3 Qe5 24. Rc1 Nd3 25. Bxd3 Rxc1+ 26. Bxc1 Bxc1 27. Qa8+ Kg7 28. Qxa6 Qa1 29. Qxb5 Bxa3+ 30. Bf1 Qb2 31. Qd3 Bc5 32. Qf3 h5 33. g3 Qc2 34. Bc4 f5 35. Qb7+ Kh6 36. Qf3 g5 37. h4 gxh4 38. gxh4 Qe4 39. Kg2 Qg4+ 40. Qg3 f4 41. Qxg4 hxg4 42. Bf7 Bb6 43. b4 Bd4 44. b5 Bb6 45. Be8 d5 46. Bc6 d4 47. Be8 d3 48. Kf1 f3 49. Ke1 Ba5+ 50. Kd1 g3 51. Bd7 g2 0-1

[Event "December 19 Early 2023"]
[Site "https://www.chess.com"]
[Date "2023.12.19"]
[Round "8"]
[White "Yuan, Qingyu"]
[Black "Ljukin, Sergei"]
[Result "0-1"]
[Board "94"]
[TimeControl "180+1"]
[WhiteFideId "8609772"]
[BlackFideId "14102200"]
[WhiteElo "2359"]
[BlackElo "2319"]
[WhiteTeam "CHN"]
[BlackTeam "UKR"]
[WhiteClock "0:00:00"]
[BlackClock "0:00:10"]

1. Nf3 d5 2. e3 Nf6 3. c4 c6 4. b3 e6 5. Bb2 Nbd7 6. Be2 Bd6 7. O-O e5 8. d4 e4 9. Ne5 Qe7 10. cxd5 cxd5 11. Nc3 Nxe5 12. dxe5 Bxe5 13. Rb1 Qd6 14. Nb5 Qb8 15. Ba3 a6 16. Nd4 Bd6 17. Bxd6 Qxd6 18. h3 O-O 19. Qd2 Bd7 20. b4 b5 21. Rfc1 Rfc8 22. Nb3 h6 23. Nc5 Bf5 24. Qd4 Nd7 25. Rc3 Nxc5 26. bxc5 Qc6 27. a4 bxa4 28. Rb6 Qd7 29. c6 Qc7 30. Bxa6 Rd8 31. Bb7 Rab8 32. Ra6 Bc8 33. Ra7 Bxb7 34. cxb7 Qd7 35. Ra3 Rxb7 36. R3xa4 Rxa7 37. Rxa7 Qe6 38. Rb7 Kh7 39. Kh2 Rc8 40. g3 Rc2 41. Kg2 Qf5 42. Kh1 Qxf2 43. Rxf7 Rc1+ 0-1

[Event "December 19 Early 2023"]
[Site "https://www.chess.com"]
[Date "2023.12.19"]
[Round "8"]
[White "Martinez Ramirez, Lennis"]
[Black "Manukyan, Sargis V."]
[Result "0-1"]
[Board "95"]
[TimeControl "180+1"]
[WhiteFideId "3509079"]
[BlackFideId "13303465"]
[WhiteElo "2405"]
[BlackElo "2236"]
[WhiteTeam "CUB"]
[BlackTeam "ARM"]
[WhiteClock "0:00:07"]
[BlackClock "0:00:08"]

1. d4 Nf6 2. Bf4 c5 3. d5 b5 4. a4 b4 5. f3 d6 6. e4 g6 7. Bb5+ Nbd7 8. c3 Bg7 9. cxb4 cxb4 10. Ra2 O-O 11. Ne2 Nc5 12. Nd2 Bd7 13. Bxd7 Nd3+ 14. Kf1 Nxd7 15. Be3 Rc8 16. b3 f5 17. h4 N7c5 18. Kg1 Qd7 19. Rh3 fxe4 20. Nxe4 Nxe4 21. Qxd3 Nc3 22. Rd2 Qf5 23. Qxf5 Rxf5 24. Bxa7 Rxd5 25. Rxd5 Nxe2+ 26. Kf2 Nf4 27. Rb5 Rc2+ 28. Ke3 Bh6 29. Rh1 e5 30. Rb8+ Kf7 31. Rb7+ Ke6 32. Re1 Nxg2+ 33. Ke4 d5+ 34. Kd3 Nxe1# 0-1

[Event "December 19 Early 2023"]
[Site "https://www.chess.com"]
[Date "2023.12.19"]
[Round "8"]
[White "Lacasa Diaz, Josep Anton"]
[Black "Hua, Lefong"]
[Result "0-1"]
[Board "96"]
[TimeControl "180+1"]
[WhiteFideId "2203375"]
[BlackFideId "2602253"]
[WhiteElo "2338"]
[BlackElo "2680"]
[WhiteTeam "ESP"]
[BlackTeam "CAN"]
[WhiteClock "0:00:06"]
[BlackClock "0:00:49"]

1. e4 c5 2. Nf3 g6 3. d4 cxd4 4. Qxd4 Nf6 5. Nc3 Nc6 6. Qa4 d6 7. e5 dxe5 8. Nxe5 Bg7 9. Bb5 O-O 10. Nxc6 bxc6 11. Bxc6 Bd7 12. Bxd7 Qxd7 13. Qxd7 Nxd7 14. Bd2 Rfc8 15. O-O-O Nb6 16. Rhe1 e6 17. Re4 Nc4 18. Na4 Rab8 19. b3 Nxd2 20. Rxd2 Bh6 21. f4 e5 22. g3 exf4 23. gxf4 Re8 24. Rde2 Bxf4+ 25. Kb1 Rxe4 26. Rxe4 Bxh2 27. c4 h5 28. Nc5 Kg7 29. Kc2 Bg3 30. Re7 Bd6 31. Rb7 h4 32. Rxb8 Bxb8 33. Ne4 h3 34. Nf2 h2 35. Kd3 f5 36. Ke2 g5 37. Kf3 g4+ 38. Kg2 Kf6 39. b4 Kg5 40. c5 g3 41. Nh1 Kg4 42. b5 f4 43. Nxg3 fxg3 44. b6 axb6 45. cxb6 h1=Q+ 46. Kxh1 Kh3 47. a4 g2+ 48. Kg1 Kg3 49. a5 Bf4 0-1

[Event "December 19 Early 2023"]
[Site "https://www.chess.com"]
[Date "2023.12.19"]
[Round "8"]
[White "Sahib Singh"]
[Black "Uritsky, Yonathan"]
[Result "1/2-1/2"]
[Board "97"]
[TimeControl "180+1"]
[WhiteFideId "25618342"]
[BlackFideId "2825651"]
[WhiteElo "2130"]
[BlackElo "2168"]
[WhiteTeam "IND"]
[BlackTeam "ISR"]
[WhiteClock "0:00:18"]
[BlackClock "0:00:08"]

1. e4 c6 2. d4 d5 3. e5 Bf5 4. h4 h5 5. Bd3 Bxd3 6. Qxd3 Qa5+ 7. Nd2 e6 8. c3 Nh6 9. a4 Qa6 10. Qg3 Nf5 11. Qf4 Be7 12. Ngf3 Qd3 13. Rh3 Qa6 14. g4 hxg4 15. Qxg4 Nd7 16. h5 O-O-O 17. b4 Qd3 18. Ng5 Qc2 19. Nxf7 Nh6 20. Qxe6 Nxf7 21. Qxf7 Bg5 22. e6 Rhe8 23. Re3 Nf6 24. e7 Bxe3 25. exd8=Q+ Kxd8 26. fxe3 Qxc3 27. Rb1 Qxe3+ 28. Kd1 Re7 29. Qf8+ Kc7 30. b5 Ng4 31. bxc6 Nf2+ 32. Qxf2 Qxf2 33. Rxb7+ Kd8 34. Rb8+ Kc7 35. Rb7+ Kd8 36. Rb8+ Kc7 37. Rb7+ 1/2-1/2

[Event "December 19 Early 2023"]
[Site "https://www.chess.com"]
[Date "2023.12.19"]
[Round "8"]
[White "Lopusiewicz, Piotr"]
[Black "Gontcharov, Vladislav"]
[Result "0-1"]
[Board "98"]
[TimeControl "180+1"]
[WhiteFideId "1116029"]
[BlackFideId "4123492"]
[WhiteElo "2286"]
[BlackElo "2420"]
[WhiteTeam "POL"]
[BlackTeam "RUS"]
[WhiteClock "0:00:06"]
[BlackClock "0:00:34"]

1. d4 Nf6 2. c4 c5 3. d5 e6 4. Nc3 exd5 5. cxd5 d6 6. Nf3 g6 7. Bf4 a6 8. a4 Bg7 9. h3 O-O 10. e3 Qe7 11. Be2 Nbd7 12. O-O Ne8 13. a5 Nc7 14. Qb3 Rb8 15. Na4 Ne5 16. Nb6 Nxf3+ 17. Bxf3 Bd7 18. Rfe1 Bb5 19. Rad1 Be5 20. Bxe5 Qxe5 21. Be2 Qe7 22. Bc4 f5 23. Bxb5 axb5 24. Qc3 Rbe8 25. b4 c4 26. Rd4 Rf7 27. g3 Qe5 28. Qd2 g5 29. h4 f4 30. gxf4 gxf4 31. f3 Rg7+ 32. Kf1 Qf5 33. Qh2 fxe3 34. Rf4 e2+ 35. Rxe2 Qb1+ 36. Kf2 Rxe2+ 0-1

[Event "December 19 Early 2023"]
[Site "https://www.chess.com"]
[Date "2023.12.19"]
[Round "8"]
[White "Nilsson, Joakim"]
[Black "Nigalidze, Gaioz"]
[Result "1-0"]
[Board "99"]
[TimeControl "180+1"]
[WhiteFideId "1723383"]
[BlackFideId "13603078"]
[WhiteElo "2143"]
[BlackElo "2400"]
[WhiteTeam "SWE"]
[BlackTeam "GEO"]
[WhiteClock "0:00:20"]
[BlackClock "0:00:31"]

1. d4 Nf6 2. Nf3 d5 3. Bg5 e6 4. Nbd2 Be7 5. c3 h6 6. Bh4 b6 7. e3 Bb7 8. Ne5 Nfd7 9. Bxe7 Qxe7 10. f4 a6 11. Bd3 Nc6 12. O-O Ncxe5 13. fxe5 O-O-O 14. b4 f6 15. exf6 gxf6 16. Qe2 Nb8 17. e4 Rhg8 18. Rae1 Qg7 19. exd5 Bxd5 20. Be4 Kb7 21. Rf2 Nc6 22. a4 Qg4 23. Qxg4 Rxg4 24. Bxd5 Rxd5 25. Rxe6 f5 26. Rf6 Ne7 27. Rf7 Ng6 28. Nc4 Nf4 29. Ne3 Nh3+ 30. Kf1 Nxf2 31. Nxd5 Nd1 32. Rxc7+ Kb8 33. Rc6 Re4 34. Rxb6+ Ka7 35. Rc6 Nb2 36. b5 axb5 37. axb5 Nd3 38. g3 Re1+ 39. Kg2 Re2+ 40. Kf3 Rxh2 41. Rc7+ Kb8 42. Rf7 Ne1+ 43. Kf4 Rf2+ 44. Ke5 Rf3 45. Kd6 Rxg3 46. Nb4 Rg6+ 47. Kc5 f4 48. Nc6+ Kc8 49. Kb6 1-0

[Event "December 19 Early 2023"]
[Site "https://www.chess.com"]
[Date "2023.12.19"]
[Round "8"]
[White "Eilers, Stefan"]
[Black "Trost, Edvin"]
[Result "1-0"]
[Board "100"]
[TimeControl "180+1"]
[WhiteFideId "4609565"]
[BlackFideId "1729519"]
[WhiteElo "2442"]
[BlackElo "2385"]
[WhiteTeam "GER"]
[BlackTeam "SWE"]
[WhiteClock "0:00:07"]
[BlackClock "0:00:08"]

1. d4 Nf6 2. Nc3 d5 3. Bf4 a6 4. e3 Bf5 5. Nf3 e6 6. Ne5 h6 7. g4 Bh7 8. h4 Nbd7 9. Bd3 Bxd3 10. cxd3 Nxe5 11. Bxe5 Nd7 12. Bg3 Bd6 13. Bxd6 cxd6 14. Qf3 Qf6 15. Qg3 Qe7 16. O-O-O O-O-O 17. Kb1 Kb8 18. e4 dxe4 19. dxe4 Ka8 20. g5 hxg5 21. hxg5 g6 22. Rxh8 Rxh8 23. f4 Nb6 24. d5 Nc4 25. Qd3 Rc8 26. dxe6 fxe6 27. b3 Na5 28. Na4 Rc6 29. Qd4 b5 30. Nb2 Nb7 31. Nd3 a5 32. Rh1 Qc7 33. Rh8+ Nd8 34. f5 gxf5 35. exf5 e5 36. Qd5 Kb7 37. Qxb5+ Rb6 38. Qd5+ Ka7 39. Qxa5+ Kb7 40. Qd5+ Ka7 41. g6 Nb7 42. Qg8 Rc6 43. Qa8+ Kb6 44. Rb8 e4 45. Qxb7+ Qxb7 46. Rxb7+ Kxb7 47. g7 Rc8 48. Nf4 Kc6 49. f6 Rg8 50. f7 Rxg7 51. f8=Q Rg1+ 52. Kc2 e3 53. Qe7 Re1 54. Kd3 Rd1+ 55. Kxe3 Re1+ 56. Ne2 Ra1 57. Qe4+ Kc7 58. Qc2+ Kb8 59. Nd4 d5 60. Qc6 Re1+ 61. Kd2 Re7 62. Nb5 Rh7 63. Qd6+ Kb7 64. Qxd5+ Kb8 65. Qe5+ Ka8 66. Qe4+ Rb7 67. Nd6 Ka7 68. Qxb7# 1-0

[Event "December 19 Early 2023"]
[Site "https://www.chess.com"]
[Date "2023.12.19"]
[Round "8"]
[White "Melikhov, Evgeny V."]
[Black "Kim, Sergey"]
[Result "1-0"]
[Board "101"]
[TimeControl "180+1"]
[WhiteFideId "4122046"]
[BlackFideId "13700570"]
[WhiteElo "2165"]
[BlackElo "2600"]
[WhiteTeam "GRE"]
[BlackTeam "KAZ"]
[WhiteClock "0:00:08"]
[BlackClock "0:00:00"]

1. d4 Nf6 2. c4 g6 3. Nc3 Bg7 4. e4 d6 5. f3 O-O 6. Be3 Nc6 7. Nge2 a6 8. Qd2 Rb8 9. Bh6 b5 10. h4 e5 11. d5 Ne7 12. Bxg7 Kxg7 13. h5 bxc4 14. O-O-O Nxh5 15. g4 Nf6 16. Qh6+ Kh8 17. Ng3 Neg8 18. Qh2 h6 19. g5 Nh7 20. gxh6 Bd7 21. Bxc4 Bb5 22. Nxb5 axb5 23. Be2 Ngf6 24. Kb1 Nd7 25. Nf1 Nc5 26. Ne3 Qg5 27. Qf2 Qf6 28. Rdg1 Nxe4 29. Qg2 Nd2+ 30. Ka1 Nc4 31. Nxc4 bxc4 32. Bxc4 Rb4 33. Bb3 Ra8 34. Kb1 Qf5+ 35. Qc2 Qxf3 36. Rf1 Qe3 37. Rxf7 Qg5 38. Rhf1 Rg8 39. Rxc7 Rd4 40. a3 Rd2 41. Qc3 Rd4 42. Rff7 Nf6 43. Qf3 Rf4 44. Qh3 Qf5+ 45. Qxf5 Rxf5 46. Bc2 e4 47. Bxe4 Rf1+ 48. Ka2 Re8 49. Bxg6 Ree1 50. Rc8+ Ng8 51. Rxg8+ Kxg8 52. h7+ 1-0

[Event "December 19 Early 2023"]
[Site "https://www.chess.com"]
[Date "2023.12.19"]
[Round "8"]
[White "Aswath, S"]
[Black "Begunov, Konstantin"]
[Result "0-1"]
[Board "102"]
[TimeControl "180+1"]
[WhiteFideId "46694919"]
[BlackFideId "4118510"]
[WhiteElo "2138"]
[BlackElo "2082"]
[WhiteTeam "IND"]
[BlackTeam "RUS"]
[WhiteClock "0:00:04"]
[BlackClock "0:00:10"]

1. c4 c6 2. g3 d5 3. Bg2 Nf6 4. Nf3 Bf5 5. O-O e6 6. b3 Nbd7 7. Bb2 Be7 8. d3 h6 9. Nc3 O-O 10. cxd5 cxd5 11. Rc1 Rc8 12. h3 Bb4 13. a3 Bc5 14. b4 Bb6 15. Nb5 Qe7 16. Qb3 a6 17. Nbd4 Bh7 18. a4 e5 19. Nc2 e4 20. dxe4 dxe4 21. Nfd4 Ne5 22. Ne3 Qd7 23. Rcd1 Qc7 24. Rc1 Qd7 25. Rxc8 Rxc8 26. Rd1 Qc7 27. a5 Ba7 28. b5 Qxa5 29. Ndf5 Re8 30. Nd6 Re6 31. Bxe5 Rxe5 32. Qe6 Rxe6 33. Nxb7 Qxb5 34. Nd8 Re8 35. Nc2 Qc5 36. Ne3 Qc7 37. Nxf7 Kxf7 38. h4 Bg6 39. Bh3 Bh5 40. Rd4 Bxe2 41. Nf5 Bf3 42. Nd6+ Kf8 43. Nxe8 Kxe8 44. Rd3 Qc1+ 45. Kh2 exd3 46. Bg2 Bxg2 47. Kxg2 d2 48. Kf3 d1=Q+ 49. Kg2 Qh1# 0-1

[Event "December 19 Early 2023"]
[Site "https://www.chess.com"]
[Date "2023.12.19"]
[Round "8"]
[White "Spata, German"]
[Black "Stillger, Bernhard"]
[Result "1-0"]
[Board "103"]
[TimeControl "180+1"]
[WhiteFideId "113026"]
[BlackFideId "4610768"]
[WhiteElo "2260"]
[BlackElo "2252"]
[WhiteTeam "ARG"]
[BlackTeam "GER"]
[WhiteClock "0:00:43"]
[BlackClock "0:00:22"]

1. Nf3 c5 2. b3 Nf6 3. Bb2 e6 4. e3 Be7 5. g3 O-O 6. Bg2 d5 7. c4 dxc4 8. bxc4 Qd3 9. Qb3 Qxb3 10. axb3 Nc6 11. O-O Rd8 12. d4 Bd7 13. Nbd2 Be8 14. Bc3 a6 15. Rfc1 Rac8 16. h3 h6 17. Kf1 g5 18. Ke2 cxd4 19. Nxd4 Nxd4+ 20. Bxd4 Bc6 21. Bxc6 Rxc6 22. Rab1 Kh7 23. Rc2 Kg6 24. b4 b5 25. Bxf6 Bxf6 26. c5 Bg7 27. Nb3 f5 28. Rd1 Rxd1 29. Kxd1 Kf7 30. Ke2 Ke7 31. Kd3 Rc7 32. f4 e5 33. fxe5 Bxe5 34. g4 Ke6 35. Nd4+ Bxd4 36. exd4 fxg4 37. hxg4 Rf7 38. Re2+ Kd7 39. d5 Rf4 40. Re4 Rf3+ 41. Kd4 Rb3 42. c6+ Kc7 43. Re7+ Kc8 44. Kc5 Kd8 45. Kd6 Rc3 46. c7+ Kc8 47. Re8+ Kb7 48. Rb8+ 1-0

[Event "December 19 Early 2023"]
[Site "https://www.chess.com"]
[Date "2023.12.19"]
[Round "8"]
[White "Tifferet, Shakked"]
[Black "Wanyama, Harold"]
[Result "1-0"]
[Board "104"]
[TimeControl "180+1"]
[WhiteFideId "2811529"]
[BlackFideId "10000380"]
[WhiteElo "2142"]
[BlackElo "2228"]
[WhiteTeam "ISR"]
[BlackTeam "UGA"]
[WhiteClock "0:00:07"]
[BlackClock "0:00:44"]

1. e4 c5 2. Nf3 e6 3. b3 Nc6 4. Bb2 Nf6 5. e5 Nd5 6. Bd3 Be7 7. O-O O-O 8. Re1 f5 9. exf6 Bxf6 10. Nc3 Nf4 11. Bf1 d5 12. Na4 b6 13. d4 Qd6 14. g3 Ng6 15. dxc5 bxc5 16. Bxf6 Rxf6 17. Bg2 Bd7 18. Nc3 Raf8 19. Ne4 Qe7 20. Nxf6+ Qxf6 21. Qd2 h6 22. Rad1 d4 23. c3 e5 24. cxd4 exd4 25. h4 Bg4 26. Nh2 Bxd1 27. Rxd1 Kh8 28. Rc1 Qd6 29. Be4 Nge5 30. f4 Nb4 31. fxe5 Qxe5 32. Qg2 d3 33. Rd1 Qd4+ 34. Kh1 Rf2 35. Nf3 Qe3 36. Re1 Qxe1+ 37. Nxe1 Rxg2 38. Nxg2 d2 39. Ne3 Nxa2 40. Kg2 Nc1 41. Bc2 Ne2 42. Kf2 Nd4 43. Bd1 a5 44. Nc4 Nb5 45. Nxd2 Nc3 46. Bc2 g5 47. hxg5 hxg5 48. Ne4 Nb5 49. Nxc5 Nd4 50. Bd1 Kg7 51. Nb7 Nc6 52. Nd6 Kf6 53. Nc4 Ke6 54. Ke3 Kd5 55. Bf3+ Kc5 56. Bxc6 a4 57. Bxa4 1-0

[Event "December 19 Early 2023"]
[Site "https://www.chess.com"]
[Date "2023.12.19"]
[Round "8"]
[White "Tay, Junior"]
[Black "Khamdamova, Afruza"]
[Result "0-1"]
[Board "105"]
[TimeControl "180+1"]
[WhiteFideId "5800439"]
[BlackFideId "14210444"]
[WhiteElo "2216"]
[BlackElo "2295"]
[WhiteTeam "SGP"]
[BlackTeam "UZB"]
[WhiteClock "0:00:10"]
[BlackClock "0:00:16"]

1. e4 e5 2. Nc3 Nf6 3. f4 d5 4. fxe5 Nxe4 5. d3 Nxc3 6. bxc3 Bc5 7. d4 Bb6 8. Nf3 O-O 9. Bd3 c5 10. O-O h6 11. dxc5 Bxc5+ 12. Kh1 Nc6 13. Qe1 Bg4 14. Qg3 Qd7 15. h3 Bxf3 16. Bxh6 Bg4 17. Bf5 Qe7 18. Qxg4 Qxe5 19. Bd3 Bd6 20. Bf4 Qf6 21. Bh2 Qh6 22. Bxd6 Qxd6 23. Rae1 Ne5 24. Qf4 Rae8 25. Bb5 Re6 26. Re3 a6 27. Be2 Rfe8 28. Rg3 Ng6 29. Qxd6 Rxd6 30. Bh5 Re4 31. Rgf3 Re7 32. Kh2 Ne5 33. Re3 f6 34. Be2 Rc7 35. Rd1 Rc5 36. Rd4 Rdc6 37. c4 dxc4 38. Bh5 Rc8 39. Rd6 R5c6 40. Rd4 b5 41. Bf3 R6c7 42. Bd5+ Kf8 43. Be6 Re8 44. Bf5 Ke7 45. Re1 Rd8 46. Red1 Rxd4 47. Rxd4 Rc6 48. Rh4 Rd6 49. Rh8 Rd8 50. Rh7 Kf7 51. Rh4 Rd2 52. Re4 a5 53. Kg3 b4 54. Rf4 a4 55. Rxc4 Nxc4 56. Be4 Ne5 57. Bf5 g6 58. Be4 f5 59. Bb7 Rxc2 60. Bd5+ Kf6 61. Kf4 Rc3 62. g4 g5# 0-1